 Dungeon Crawl Stone Soup version 0.31-a0-174-g85c54bcb58 (webtiles) character file.

Game seed: 6698275471234727834

394942 Drazool the Crack Shot (level 23, 0/113 (150) HPs)
             Began as a Tengu Hunter on June 14, 2023.
             Was the Champion of Fedhas.
             Slain by a cyan ugly thing (5 damage)
             ... on level 3 of the Depths on June 15, 2023.
             The game lasted 03:06:08 (43822 turns).

Drazool the Crack Shot (Tengu Hunter)              Turns: 43822, Time: 03:06:09

HP:   0/113 (150)   AC:  7    Str: 15    XL:     23   Next: 18%
MP:   36/36         EV: 38    Int: 13    God:    Fedhas [******]
Gold: 1944          SH:  0    Dex: 25    Spells: 19/22 levels left

rFire   + . .        a - +6 triple crossbow (flame)
rCold   + . .        (shield currently unavailable)
rNeg    . . .        K - +0 troll leather armour
rPois   .            (helmet restricted)
rElec   +            H - scarf {rC+ rF+}
rCorr   .            U - +2 pair of gloves of the Game Afoot {rElec Int+3 Stlth+}
SInv    +            (boots unavailable)
Will    +....        S - amulet of faith {!P}
Stlth   +++          Y - +4 ring of slaying
HPRegen 1.18/turn    v - ring of see invisible
MPRegen 0.25/turn

%: faith
@: about to teleport, flying quickly and evasively, heavily drained, quick
A: beak, talons 3, nimble flight
}: 2/15 runes: serpentine, barnacled
a: Renounce Religion, Wall of Briars, Grow Ballistomycete, Overgrow, Grow Oklob


You were on level 3 of the Depths.
You worshipped Fedhas.
Fedhas was exalted by your worship.
You visited 8 branches of the dungeon, and saw 39 of its levels.
You visited the Abyss 1 time.
You also visited: Ice Cave.

You collected 5643 gold pieces.
You spent 3699 gold pieces at shops.


Innate Abilities, Weirdness & Mutations

You have a beak for a mouth.
You have claws for feet.
Your magical nature lets you fly swiftly and evasively.


   Skills:
 + Level 17.6 Fighting
 - Level 26.0 Ranged Weapons
 * Level 22.2 Dodging
 - Level 1.0 Stealth
 + Level 16.8 Invocations
 - Level 10.0 Evocations


You had 19 spell levels left.
You knew the following spells:

 Your Spells              Type           Power      Damage    Failure   Level
o - Portal Projectile     Hex/Tloc       0%         N/A       75%         3

Your spell library contained the following spells:

 Spells                   Type           Power      Damage    Failure   Level
 Apportation              Tloc           0%         N/A       36%         1
 Foxfire                  Conj/Fire      0%         2x1d4     36%         1
 Necrotise                Necr           0%         1d4       36%         1
 Sandblast                Erth           0%         2d4       36%         1
 Summon Small Mammal      Summ           0%         N/A       36%         1
 Ensorcelled Hibernation  Hex/Ice        0%         N/A       50%         2
 Passwall                 Tmut/Erth      0%         N/A       50%         2
 Static Discharge         Conj/Air       0%         2-2/arc   50%         2
 Sublimation of Blood     Necr           0%         N/A       50%         2
 Call Canine Familiar     Summ           0%         N/A       75%         3
 Dazzling Flash           Conj/Hex       0%         N/A       75%         3
 Frozen Ramparts          Ice            0%         1d1       75%         3
 Gell's Gravitas          Tloc           0%         N/A       75%         3
 Hailstorm                Conj/Ice       0%         3d3       75%         3
 Inner Flame              Hex/Fire       0%         N/A       75%         3
 Ozocubu's Armour         Ice            0%         N/A       75%         3
 Spider Form              Tmut/Pois      0%         N/A       75%         3
 Stone Arrow              Conj/Erth      0%         3d7       75%         3
 Summon Guardian Golem    Hex/Summ       0%         N/A       75%         3
 Teleport Other           Tloc           0%         N/A       75%         3
 Tukima's Dance           Hex            0%         N/A       75%         3
 Vampiric Draining        Necr           0%         2d6       75%         3
 Volatile Blastmotes      Fire/Tloc      0%         2d10      75%         3
 Airstrike                Air            0%         2d(0-16)  98%         4
 Anguish                  Hex/Necr       0%         N/A       98%         4
 Animate Armour           Summ/Erth      0%         N/A       98%         4
 Cause Fear               Hex            0%         N/A       98%         4
 Dispel Undead            Necr           0%         3d6       98%         4
 Flame Wave               Conj/Fire      0%         2d4       98%         4
 Ice Form                 Ice/Tmut       0%         N/A       98%         4
 Iskenderun's Mystic Bla  Conj/Tloc      0%         2d3       98%         4
 Leda's Liquefaction      Hex/Erth       0%         N/A       98%         4
 Olgreb's Toxic Radiance  Pois           0%         N/A       98%         4
 Passage of Golubria      Tloc           0%         N/A       98%         4
 Petrify                  Tmut/Erth      0%         N/A       98%         4
 Sticky Flame             Conj/Fire      0%         2d3       98%         4
 Summon Lightning Spire   Summ/Air       0%         N/A       98%         4
 Alistair's Intoxication  Tmut/Pois      0%         N/A       100%        5
 Blade Hands              Tmut           0%         N/A       100%        5
 Borgnjor's Vile Clutch   Necr/Erth      0%         N/A       100%        5
 Fireball                 Conj/Fire      0%         3d3       100%        5
 Irradiate                Conj/Tmut      0%         3d11      100%        5
 Iskenderun's Battlesphe  Conj           0%         2d6       100%        5
 Silence                  Hex/Air        0%         N/A       100%        5
 Yara's Violent Unravell  Hex/Tmut       0%         3d3       100%        5
 Conjure Ball Lightning   Conj/Air       0%         3x3d6     100%        6
 Dispersal                Tloc           0%         N/A       100%        6
 Plasma Beam              Fire/Air       0%         2x1d10    100%        6
 Starburst                Conj/Fire      0%         6d3       100%        6
 Statue Form              Tmut/Erth      0%         N/A       100%        6
 Enfeeble                 Hex            0%         N/A       100%        7
 Orb of Destruction       Conj           0%         9d5       100%        7
 Ozocubu's Refrigeration  Ice            0%         4d7       100%        7
 Spellforged Servitor     Conj/Summ      0%         N/A       100%        7
 Borgnjor's Revivificati  Necr           0%         N/A       100%        8
 Discord                  Hex            0%         N/A       100%        8
 Ignition                 Fire           0%         3d3       100%        8
 Lehudib's Crystal Spear  Conj/Erth      0%         10d2      100%        8
 Necromutation            Tmut/Necr      0%         N/A       100%        8
 Death's Door             Necr           0%         N/A       100%        9
 Fire Storm               Conj/Fire      0%         5d1       100%        9

Inventory:

Hand Weapons
 a - a +6 triple crossbow of flaming (weapon)
 J - a +1 longbow of flaming
 V - a +1 heavy orcbow
Missiles
 r - 7 throwing nets {=f}
Armour
 x - a +2 cloak
 H - a scarf of resistance (worn)
 K - a +0 troll leather armour (worn)
 N - the scarf of Faont {repulsion, Will+}
   (You bought it in a shop on level 3 of the Vaults)

   Will:      It increases your willpower.
 U - the +2 pair of gloves of the Game Afoot (worn) {rElec Int+3 Stlth+}
   (You acquired it on level 3 of the Lair of Beasts)

   Int:       It affects your intelligence (+3).
   rElec:     It insulates you from electricity.
   Stlth:     It makes you more stealthy.
Jewellery
 v - a ring of see invisible (right hand)
 z - a ring of wizardry
 C - the ring of Gyjorghet {Ice Str+3}
   (You found it in an ice cave)

   [ring of ice]

   It enhances your ice magic.
   Str:       It affects your strength (+3).
   rF:        It makes you vulnerable to fire.
   rC:        It protects you from cold.
 D - a +6 ring of dexterity
 F - a ring of protection from fire
 P - a ring of poison resistance
 R - a ring of resist corrosion
 S - an amulet of faith (around neck) {!P}
 Y - a +4 ring of slaying (left hand)
Wands
 k - a wand of polymorph (15)
 p - a wand of mindburst (17)
 t - a wand of digging (19)
 u - a wand of flame (86)
 E - a wand of charming (35)
 I - a wand of acid (8)
 L - a wand of iceblast (23)
Scrolls
 b - 7 scrolls of butterflies
 d - 8 scrolls of vulnerability
 n - 9 scrolls of poison
 o - 4 scrolls of teleportation {@r2}
 q - 2 scrolls of enchant armour
 A - 4 scrolls of amnesia
 O - 2 scrolls of brand weapon
 Q - 2 scrolls of silence {!r}
 T - 5 scrolls of noise
 X - 26 scrolls of identify {@r1}
 Z - 2 scrolls of revelation
Potions
 e - 13 potions of curing {@q1}
 f - 3 potions of magic
 g - 3 potions of resistance
 h - 8 potions of mutation
 i - 6 potions of attraction
 j - 2 potions of invisibility
 l - 4 potions of ambrosia
 m - a potion of heal wounds {@q2}
 w - 10 potions of lignification
 y - 4 potions of enlightenment
 B - 5 potions of haste {@q3}
 G - 4 potions of brilliance
 M - 7 potions of might
Miscellaneous
 c - a lightning rod (4/4)
 s - a phantom mirror
 W - a phial of floods

Dungeon Overview and Level Annotations

Branches:
Dungeon (15/15)            Temple (1/1) D:4            Lair (5/5) D:11
 Shoals (4/4) Lair:2        Snake (4/4) Lair:3        Slime (0/5) Lair:4
    Orc (2/2) D:12            Elf (0/3) Orc:2        Vaults (4/5) D:14
  Crypt (0/3) Vaults:2     Depths (4/4) D:15          IceCv (visited)
    Zot: Depths:4

Altars:
Fedhas
Gozag
Hepliaklqana
Kikubaaqudgha
Okawaru
Qazlal
Sif Muna
Vehumet
Jiyva

Shops:
D:6 (   Orc:1 *   Orc:2 [(*=   Shoals:1 !   Snake:2 =:=   Snake:4 *
Vaults:1 !   Vaults:2 [   Vaults:3 [   Vaults:4 !=[

Portals:
Hell: Depths:1 Depths:2 Depths:3
Abyss: Depths:3
Pandemonium: Depths:2
Ziggurat: Depths:2
Trove: Vaults:1 (give +3 gold dragon scales)

Annotations:
D:9 exclusion: statue
Depths:3 1 runed translucent door
Depths:4 Vv, the Enchantress

#.##.##.. ########
#.##...##
##..##..######....#.
##........#.).#..#...
#................#...
#...........#......##
##......[.#.#......##
##........#.........#
#..u@......#.........
#....i.....#..#......
##........#...##.....
##..##..##...##.....
#.......##..#...##.
####...####.....##.
#..####.......#.
##....#..........
#####.###.....#......


You could see a spriggan defender and a cyan ugly thing.


Message History

The spriggan defender hits you with a +2 quick blade of draining!
* * * LOW HITPOINT WARNING * * *
You feel drained.
* * * LOW HITPOINT WARNING * * *
The spriggan defender hits you but does no damage.
You feel drained.
The cyan ugly thing completely misses you.
You shoot a bolt.
The bolt hits the spriggan defender but does no damage.
The spriggan defender is almost dead.
The spriggan defender barely misses you.
The spriggan defender hits you with a +2 quick blade of draining.
* * * LOW HITPOINT WARNING * * *
You feel drained.
* * * LOW HITPOINT WARNING * * *
The spriggan defender completely misses you.
The spriggan defender misses you. The cyan ugly thing bites you!
* * * LOW HITPOINT WARNING * * *
The cyan ugly thing shocks you. You resist.
* * * LOW HITPOINT WARNING * * *
As you read the scroll of teleportation {@r2}, it crumbles to dust.
You feel strangely unstable.
The spriggan defender hits you with a +2 quick blade of draining!
* * * LOW HITPOINT WARNING * * *
You feel drained.
* * * LOW HITPOINT WARNING * * *
The spriggan defender completely misses you.
The cyan ugly thing bites you.
You die...
Fedhas appreciates your contribution to the ecosystem.

Skill      XL: |  1  2  3  4  5  6  7  8  9 10 11 12 13 14 15 16 17 18 19 20 21 22 23 |
---------------+----------------------------------------------------------------------+-----
Ranged Weapons | 5 6 7 8 9 10 11 12 15 16 18 20 22 25 26 | 26.0
Invocations    | 1 2 3 4 5 6 8 9 10 11 13 14 15 16 | 16.8
Dodging        | 3 4 5 6 8 10 11 13 14 15 16 17 20 21 22 | 22.2
Fighting       | 3 4 5 6 7 9 10 12 13 14 15 16 17 | 17.6
Evocations     | 1 4 6 8 9 10 | 10.0
Stealth        | |  1.0

Action                     |  1- 3 |  4- 6 |  7- 9 | 10-12 | 13-15 | 16-18 | 19-21 | 22-24 || total
---------------------------+-------+-------+-------+-------+-------+-------+-------+-------++-------
  Melee: Kick              |       |     2 |       |       |       |       |       |     2 ||     4
         Shortbow          |       |     2 |       |       |       |       |       |       ||     2
         Triple crossbow   |       |       |       |       |       |       |       |     3 ||     3
         Peck              |       |       |       |       |       |       |       |     1 ||     1
   Fire: Shortbow          |   143 |   164 |    57 |       |       |       |       |       ||   364
         Orcbow            |       |       |   195 |   606 |  1192 |   682 |       |       ||  2675
         Triple crossbow   |       |       |       |       |       |   488 |  1097 |   532 ||  2117
         Longbow           |       |       |       |       |       |    21 |       |       ||    21
  Throw: Throwing net      |       |     1 |       |       |       |       |       |       ||     1
 Invoke: Wall of Briars    |       |     3 |    15 |    34 |    36 |    61 |    67 |    13 ||   229
         Grow Ballistomyce |       |       |       |     4 |     2 |       |       |       ||     6
         Grow Oklob        |       |       |       |       |     5 |     7 |     5 |     1 ||    18
  Evoke: Wand              |       |       |     3 |     5 |     3 |    10 |     7 |     2 ||    30
    Use: Scroll            |     1 |     4 |     4 |    11 |     3 |     8 |     9 |     3 ||    43
         Potion            |       |     3 |       |     1 |     6 |     8 |     9 |     3 ||    30
 Armour: Leather armour    |    11 |    16 |     2 |    10 |       |       |       |       ||    39
         Troll leather arm |       |       |       |    11 |    53 |    38 |    22 |    20 ||   144
  Dodge: Dodged            |    35 |    45 |    14 |   177 |   409 |   428 |   316 |   195 ||  1619

Levels and vault maps discovered:
D:1:      onia_arrival_mini_maze_b, layout_loops_corners,
          shapermc_ecumenical_altar_petra, bh_walls_and_bars
D:2:      layout_loops_cross
D:3:      layout_loops_ring, serial_glass, glass_columns_a, glass_columns_a,
          glass_columns_b, glass_columns_b, glass_columns_a, glass_columns_a,
          minmay_misc_feat_four_crosses, grunt_ministairs_4
D:4:      layout_loops_corners, okawaru_metal_pillars_1_2,
          minmay_temple_entry_gardened_gates, kennysheep_small_square
D:5:      layout_rooms, uniq_eustachio, uniq_prince_ribbit1
D:6:      layout_cave_pools, beargit_hepliaklqana_dungeon_heroes,
          kennysheep_mini, serial_shops, nicolae_shop_bloodbath_and_beyond
D:7:      layout_rooms, serial_glass, glass_columns_b, glass_columns_b,
          grunt_decor_mini_mirrors, uniq_menkaure, uniq_duvessa
D:8:      layout_rooms, mainiacjoe_overflow_brackets,
          nicolae_overflow_crystal_walls, jiyva_altar_1, uniq_joseph
D:9:      layout_big_octagon, vehumet_statue, serial_rivers,
          chequers_serial_rivers_large_b, chequers_serial_rivers_micro_c,
          chequers_serial_rivers_marsh, chequers_serial_rivers_marsh,
          minivault_25_ag, eino_jars, uniq_psyche
D:10:     kennysheep_ambush_hall, layout_irregular_city,
          kennysheep_opposing_triangles
D:11:     layout_loops_ring, minmay_lair_entry_grove, uniq_amaemon
D:12:     layout_basic, erik_orc_2, kennysheep_small_circle
D:13:     minmay_strange_plus, layout_grid_maze, minmay_misc_feat_cross
D:14:     layout_rooms, erik_vaults_1, minmay_misc_feat_encased,
          onia_ninara_cookie, uniq_agnes
D:15:     grunt_enter_depths_hoard, layout_cave_pools,
          hangedman_decor_slide_cut, uniq_nessos, uniq_rupert
Temple:   regret_index_temple_sphere_string
Lair:1:   layout_layer_cave
Lair:2:   layout_big_grid, minmay_shoals_entry_centaurs, st_stairs_9,
          infiniplex_staircase_pool
Lair:3:   layout_roguey, dummy_snake_entry, uniq_kirke, uniq_fannar
Lair:4:   layout_long_grid, minmay_slime_entry_pillars, serial_bayou_pond_c,
          beast_lair_carwin_11, grunt_megastairs_1, lemuel_fruit_fields
Lair:5:   evilmike_catoblepas_cave, layout_long_grid,
          nicolae_lair_grazing_beasts [nicolae_sub_lair_graze_edge,
          nicolae_sub_lair_graze_edge, nicolae_sub_lair_graze_edge,
          nicolae_sub_lair_graze_edge]
Shoals:1: cheibrodos_shoals_gigantism, layout_shoals, serial_shops, shop,
          uniq_roxanne
Shoals:2: argonaut_golden_fleece, layout_shoals, gammafunk_ghost_split
Shoals:3: layout_shoals, portal_ice_cave_entry_pillars_three
Shoals:4: shoals_end_grunt_garden, layout_shoals
Snake:1:  layout_layer_cave
Snake:2:  layout_gridlike, serial_bayou, serial_bayou_pond_d,
          serial_bayou_lagoon_a, serial_bayou_ford_a, serial_bayou_pond_d,
          nrook_loot_triangle, nicolae_snake_gridmaze_big_u, minmay_shop_grove
Snake:3:  layout_cave_pods, uniq_asterion
Snake:4:  johnstein_snake_rune_scales, layout_onion_interference, serial_shops,
          nicolae_shop_overgrown_old_shop
Orc:1:    layout_caves, serial_shops, nicolae_shop_overcharged_wands, uniq_erica
Orc:2:    grunt_orc_gardens, layout_diamond_mine, grunt_orc_garden,
          grunt_orc_garden, grunt_orc_garden, grunt_orc_garden, basic_altar,
          uniq_donald, uniq_maurice
Vaults:1: grunt_vaults_hallway_long, nicolae_vaults_six-pack,
          nicolae_vaults_cochlea, v_rooms_5, nicolae_vaults_yaktaur_gun_rack,
          st_more_cells, nicolae_vaults_layer_cake_slice, v_misc_14,
          nicolae_vaults_tetromino_T_2, nicolae_vaults_variable_pillar_hall,
          nicolae_vaults_storage_closets_2, nicolae_vaults_trapezoid_lopsided_3,
          layout_vaults_chaotic_city, serial_shops, shop_coins,
          nicolae_trove_entry_columns, uniq_zenata
Vaults:2: nicolae_vaults_tetromino_T_2, vaults_room_mumra_shop_pool,
          v_alt_pattern_5, v_misc_26, hangedman_vaults_corner_blocks,
          v_pattern_5, vaults_room_fours, nicolae_vaults_alarming,
          minmay_crypt_entry_simple_box, nicolae_vaults_two_Ls,
          nicolae_vaults_trapezoid_4, layout_vaults_quadrants, uniq_nikola
Vaults:3: nicolae_vaults_tangram_2, vaults_room_octagon, hangedman_vaults_snaps,
          hangedman_vaults_river_flow, vaults_room_pool,
          nicolae_vaults_windows_and_doors_thing,
          nicolae_vaults_heart-shaped_vault, nicolae_vaults_network_quinsquares
          [nicolae_vaults_network_quincunx_subvault,
          nicolae_vaults_network_quincunx_subvault,
          nicolae_vaults_network_quincunx_subvault,
          nicolae_vaults_network_quincunx_subvault], st_quartered_hall,
          vaults_room_fours, grunt_vaults_hallway_short,
          nicolae_vaults_little_squares_3, nicolae_vaults_angled_halls,
          layout_vaults_omnibox, serial_shops, nicolae_shop_tiny_real_fake_doors
Vaults:4: nicolae_vaults_offset_grid_hallway_2, nicolae_vaults_specimen_jars,
          nicolae_vaults_little_squares_2, nicolae_vaults_weapon_check,
          hangedman_vaults_stream, vaults_room_hallway, v_misc_12,
          vaults_room_grid, v_misc_27, vaults_room_door_hall, v_pattern_3,
          layout_vaults_big_cross, serial_shops, shop, shop,
          nicolae_shop_statue_plus
Depths:1: layout_cave_pools, pf_dread_powers_of_hell, serial_glass,
          glass_columns_a, glass_columns_c, st_stairs_11, grunt_ministairs_2,
          library_closet, drop_trap, minmay_misc_feat_iff, dk_noncrumbling_2,
          serial_bayou_pond_a, uniq_saint_roka
Depths:2: minmay_mutant_horseshoe, layout_gridlike, enter_ziggurat_b,
          hellmouth_2, rand_demon_pan_entry_9, infiniplex_staircase_pool_2
Depths:3: minmay_gate_of_8, layout_cave_shapes, led_sif_pool, hellmouth_1,
          abyss_entry, st_stairs_5
Depths:4: grunt_bruiser_brothers, layout_cave_shapes,
          nemelex_lonely_heart_becter, hangedman_coc_ice_floe, uniq_vv,
          uniq_enchantress

Notes
Turn   | Place    | Note
-------+----------+-------------------------------------------
     0 | D:1      | Drazool the Tengu Hunter began the quest for the Orb.
     0 | D:1      | Reached XP level 1. HP: 12/12 MP: 2/2
   157 | D:1      | Reached XP level 2. HP: 15/17 MP: 3/3
   186 | D:1      | Reached skill level 5 in Ranged Weapons
   498 | D:1      | Reached XP level 3. HP: 21/21 MP: 4/4
   733 | D:1      | Found a faded altar of an unknown god.
   855 | D:1      | Prayed at the altar of an unknown god.
   855 | D:1      | Became a worshipper of Fedhas Madash
   855 | D:1      | Reached * piety under Fedhas
  1647 | D:2      | Reached XP level 4. HP: 26/26 MP: 5/5
  1673 | D:2      | Reached ** piety under Fedhas
  2720 | D:4      | Found a staircase to the Ecumenical Temple.
  2749 | D:4      | Reached skill level 6 in Ranged Weapons
  2775 | D:4      | Found an iron altar of Okawaru.
  2840 | D:4      | Identified 2 potions of resistance
  2860 | D:4      | Reached skill level 1 in Invocations
  2860 | D:4      | Gained mutation: Your magical nature lets you fly swiftly
                  | and evasively. [Tengu growth]
  2860 | D:4      | Reached XP level 5. HP: 24/31 MP: 6/6
  2876 | Temple   | Entered the Ecumenical Temple
  3269 | D:4      | Noticed a black bear
  3283 | D:4      | Killed a black bear
  3284 | D:4      | Reached skill level 3 in Dodging
  3284 | D:4      | Reached XP level 6. HP: 36/36 MP: 4/8
  3658 | D:4      | Reached skill level 3 in Fighting
  3737 | D:5      | Entered Level 5 of the Dungeon
  3760 | D:5      | Noticed Prince Ribbit
  3775 | D:5      | Reached skill level 2 in Invocations
  3780 | D:5      | Killed Prince Ribbit
  3781 | D:5      | Reached skill level 7 in Ranged Weapons
  3781 | D:5      | Reached XP level 7. HP: 13/41 MP: 6/9
  3927 | D:5      | Reached skill level 4 in Dodging
  3983 | D:5      | Noticed Eustachio
  3988 | D:5      | Killed Eustachio
  3989 | D:5      | Reached skill level 4 in Fighting
  3989 | D:5      | Reached skill level 8 in Ranged Weapons
  3989 | D:5      | Reached skill level 3 in Invocations
  3989 | D:5      | Reached XP level 8. HP: 48/48 MP: 11/11
  4601 | D:6      | Found Mugampong's Weapon Boutique.
  4609 | D:6      | Bought a +0 orcbow for 38 gold pieces
  4618 | D:6      | Reached skill level 5 in Dodging
  4856 | D:6      | Found an opulent altar of Gozag.
  4907 | D:6      | Reached skill level 9 in Ranged Weapons
  4988 | D:6      | Reached skill level 4 in Invocations
  4993 | D:6      | Reached skill level 5 in Fighting
  4993 | D:6      | Reached XP level 9. HP: 38/54 MP: 9/13
  5120 | D:6      | Found a faded altar of an unknown god.
  5120 | D:6      | Found a hazy altar of Hepliaklqana.
  5420 | D:7      | Noticed Menkaure
  5423 | D:7      | Killed Menkaure
  5441 | D:7      | Reached skill level 6 in Dodging
  5599 | D:7      | Reached skill level 10 in Ranged Weapons
  5660 | D:7      | Noticed Duvessa
  5660 | D:7      | Noticed Dowan
  5671 | D:7      | Killed Duvessa
  5690 | D:7      | Killed Dowan
  5865 | D:7      | Reached *** piety under Fedhas
  6095 | D:8      | Found an ancient bone altar of Kikubaaqudgha.
  6110 | D:8      | Reached skill level 5 in Invocations
  6124 | D:8      | Reached skill level 6 in Fighting
  6155 | D:8      | Found a viscous altar of Jiyva.
  6215 | D:8      | Reached skill level 1 in Evocations
  6218 | D:8      | Reached XP level 10. HP: 60/60 MP: 14/14
  6250 | D:8      | Reached skill level 7 in Dodging
  6263 | D:8      | Noticed a two-headed ogre
  6269 | D:8      | Killed a two-headed ogre
  6270 | D:8      | Reached skill level 2 in Evocations
  6489 | D:8      | Noticed Joseph
  6506 | D:8      | Killed Joseph
  6507 | D:8      | Reached skill level 6 in Invocations
  6507 | D:8      | Reached skill level 3 in Evocations
  6570 | D:8      | Reached skill level 7 in Fighting
  6794 | D:8      | Found a stormy altar of Qazlal.
  6979 | D:9      | Noticed a two-headed ogre
  6991 | D:9      | Killed a two-headed ogre
  6992 | D:9      | Reached skill level 8 in Dodging
  6993 | D:9      | Noticed Psyche
  7008 | D:9      | Killed Psyche
  7009 | D:9      | Reached skill level 4 in Evocations
  7123 | D:8      | Reached XP level 11. HP: 30/68 MP: 17/17
  7323 | D:9      | Found a radiant altar of Vehumet.
  7473 | D:9      | Reached skill level 7 in Invocations
  7546 | D:9      | Noticed a two-headed ogre
  7550 | D:9      | Reached skill level 8 in Fighting
  7556 | D:9      | Killed a two-headed ogre
  7557 | D:9      | Reached skill level 5 in Evocations
  7586 | D:9      | Reached skill level 9 in Dodging
  7840 | D:10     | Entered Level 10 of the Dungeon
  7914 | D:10     | Noticed a centaur warrior
  8001 | D:10     | Killed a centaur warrior
  8141 | D:10     | Noticed a skeletal warrior
  8141 | D:10     | Noticed a skeletal warrior
  8141 | D:10     | Noticed a skeletal warrior
  8141 | D:10     | Noticed a skeletal warrior
  8169 | D:10     | Killed a skeletal warrior
  8196 | D:10     | Killed a skeletal warrior
  8205 | D:10     | Killed a skeletal warrior
  8222 | D:10     | Killed a skeletal warrior
  8223 | D:10     | Reached skill level 6 in Evocations
  8230 | D:10     | Noticed a skeletal warrior
  8260 | D:10     | Killed a skeletal warrior
  8370 | D:10     | Reached skill level 9 in Fighting
  8586 | D:10     | Reached skill level 8 in Invocations
  8723 | D:10     | Reached skill level 10 in Dodging
  8748 | D:10     | Reached XP level 12. HP: 76/76 MP: 19/19
  9159 | D:11     | Reached skill level 7 in Evocations
  9244 | D:11     | Found a staircase to the Lair.
  9285 | D:11     | Noticed Amaemon
  9295 | D:11     | Killed Amaemon
  9469 | D:11     | Identified the +10 dagger of Evisceration {freeze, rC+++
                  | MP-9 Str+7 Int-2}
  9939 | Lair:1   | Entered Level 1 of the Lair of Beasts
 10300 | Lair:1   | Reached skill level 10 in Fighting
 10373 | Lair:1   | Reached skill level 11 in Dodging
 10373 | Lair:1   | Reached skill level 9 in Invocations
 10619 | Lair:1   | Reached skill level 8 in Evocations
 10875 | Lair:1   | Reached skill level 11 in Ranged Weapons
 11665 | Lair:2   | Noticed a skyshark
 11673 | Lair:2   | Reached XP level 13. HP: 83/83 MP: 10/20
 11702 | Lair:2   | Reached skill level 11 in Fighting
 11702 | Lair:2   | Reached skill level 12 in Dodging
 12113 | Lair:2   | Reached skill level 12 in Ranged Weapons
 12120 | Lair:2   | Found a staircase to the Shoals.
 12208 | Lair:2   | Identified the orb of Ennui {*Rage, Harm Rampage Str-3
                  | Int+4}
 12346 | Lair:2   | Reached **** piety under Fedhas
 12419 | Lair:3   | Noticed Kirke
 12509 | Lair:3   | Noticed Fannar
 12540 | Lair:3   | Killed Fannar
 12819 | Lair:3   | Reached skill level 13 in Dodging
 12823 | Lair:3   | Noticed a sphinx
 12929 | Lair:3   | Found a staircase to the Snake Pit.
 13058 | Lair:3   | Reached skill level 12 in Fighting
 13232 | Lair:3   | Identified a scroll of acquirement
 13232 | Lair:3   | Acquired the +2 pair of gloves of the Game Afoot {rElec
                  | Int+3 Stlth+}
 13429 | Lair:3   | Killed Kirke
 13692 | Lair:4   | Reached XP level 14. HP: 85/92 MP: 15/21
 13738 | Lair:4   | Reached skill level 13 in Ranged Weapons
 13850 | Lair:4   | Found a viscous altar of Jiyva.
 13850 | Lair:4   | Found a staircase to the Slime Pits.
 14634 | Lair:4   | Reached skill level 14 in Dodging
 14699 | Lair:5   | Entered Level 5 of the Lair of Beasts
 14736 | Lair:5   | Reached skill level 13 in Fighting
 14760 | Lair:5   | Reached skill level 14 in Ranged Weapons
 14869 | Lair:5   | Reached ***** piety under Fedhas
 15079 | Lair:5   | Reached skill level 15 in Ranged Weapons
 15083 | Lair:5   | Reached XP level 15. HP: 99/99 MP: 15/22
 15640 | Lair:5   | Reached skill level 15 in Dodging
 16556 | D:12     | Reached skill level 14 in Fighting
 16578 | D:12     | Reached skill level 16 in Ranged Weapons
 16801 | D:12     | Found a staircase to the Orcish Mines.
 16842 | D:12     | Found a radiant altar of Vehumet.
 16903 | D:12     | Identified the +1 war axe of Sudden Death {drain, rCorr
                  | Str+3 Dex+4 SInv}
 17004 | Orc:1    | Entered Level 1 of the Orcish Mines
 17493 | Orc:1    | Found Jemm's Overcharged Wands.
 17498 | Orc:1    | Noticed Erica
 17507 | Orc:1    | Killed Erica
 17603 | Orc:2    | Entered Level 2 of the Orcish Mines
 17603 | Orc:2    | Found Yleiprad's General Store.
 17724 | Orc:2    | Noticed Maurice
 17737 | Orc:2    | Killed Maurice
 17919 | Orc:2    | Found Itorghya's Antique Weapon Shop.
 18023 | Orc:2    | Identified a +2 robe of resistance
 18027 | Orc:2    | Paralysed by an orc sorcerer for 2 turns
 18069 | Orc:2    | Bought a potion of haste for 130 gold pieces
 18069 | Orc:2    | Bought a potion of enlightenment for 65 gold pieces
 18073 | Orc:2    | Learned a level 3 spell: Portal Projectile
 18127 | Orc:2    | Found Rovyun's Jewellery Shoppe.
 18137 | Orc:2    | Noticed Donald
 18146 | Orc:2    | Killed Donald
 18147 | Orc:2    | Reached skill level 10 in Invocations
 18340 | Orc:2    | Found Typril's Antique Armour Emporium.
 18347 | Orc:2    | Noticed an orc warlord
 18369 | Orc:2    | Killed an orc warlord
 18370 | Orc:2    | Reached XP level 16. HP: 76/107 MP: 16/24
 18472 | Orc:2    | Found a staircase to the Elven Halls.
 18970 | D:13     | Identified the ring of Daisies {Wiz Str+4}
 18980 | D:13     | Got the Elucidation of the Damned
 19135 | D:13     | Identified the +7 crystal plate armour of Past Mistakes
                  | {Rampage +Inv SInv}
 19872 | D:14     | Found a gate to the Vaults.
 20197 | D:14     | Reached skill level 17 in Ranged Weapons
 20203 | D:14     | Reached skill level 11 in Invocations
 20286 | D:14     | Paralysed by a floating eye for 3 turns
 20531 | D:14     | Paralysed by a floating eye for 3 turns
 20601 | D:14     | Noticed Agnes
 20613 | D:14     | Killed Agnes
 20921 | D:15     | Entered Level 15 of the Dungeon
 20959 | D:15     | Noticed Rupert
 21013 | D:15     | Killed Rupert
 21014 | D:15     | Reached skill level 18 in Ranged Weapons
 21294 | D:15     | You are cast into the Abyss!
 21294 | Abyss:2  | Cast into level 2 of the Abyss (a wizard)
 21332 | Abyss:2  | Noticed a bone dragon
 21361 | Abyss:2  | HP: 10/107 [acid[a worldbinder] (8)]
 21385 | Abyss:2  | Acquired 955 gold pieces
 21599 | D:15     | You pass through the gate.
 21599 | D:15     | Escaped the Abyss
 21713 | D:15     | Noticed Nessos
 21717 | D:15     | Killed Nessos
 21850 | D:15     | Found a staircase to the Depths.
 22131 | Snake:1  | Entered Level 1 of the Snake Pit
 22172 | Snake:1  | Reached XP level 17. HP: 106/112 MP: 23/26
 22190 | Snake:1  | Reached skill level 12 in Invocations
 22297 | Snake:1  | Reached skill level 19 in Ranged Weapons
 23845 | Orc:2    | Bought a scroll of brand weapon for 123 gold pieces
 24254 | Snake:2  | Found Tuvvoina's Book Shop.
 24255 | Snake:2  | Found Nulia's Jewellery Emporium.
 24255 | Snake:2  | Found Diang's Jewellery Emporium.
 24262 | Snake:2  | Bought an amulet of faith for 440 gold pieces
 24639 | Snake:2  | Reached skill level 20 in Ranged Weapons
 25132 | Snake:3  | Reached skill level 13 in Invocations
 25511 | Snake:3  | Noticed Asterion
 25527 | Snake:3  | Killed Asterion
 25711 | Snake:3  | Reached XP level 18. HP: 102/117 MP: 29/29
 26122 | Shoals:1 | Entered Level 1 of the Shoals
 26122 | Shoals:1 | Identified Roxanne's Handbook of Quicksand
 26122 | Shoals:1 | Noticed Roxanne
 26165 | Shoals:1 | Killed Roxanne
 26189 | Shoals:1 | Reached skill level 21 in Ranged Weapons
 26643 | Shoals:1 | Noticed a titan
 26662 | Shoals:1 | Killed a titan
 26749 | Shoals:1 | Found Zautosi's Distillery.
 26758 | Shoals:1 | Bought 2 potions of heal wounds for 190 gold pieces
 26758 | Shoals:1 | Bought 2 potions of might for 152 gold pieces
 26758 | Shoals:1 | Bought a potion of haste for 190 gold pieces
 26758 | Shoals:1 | Bought a potion of might for 76 gold pieces
 26758 | Shoals:1 | Bought a potion of mutation for 152 gold pieces
 26758 | Shoals:1 | Bought a potion of curing for 57 gold pieces
 26758 | Shoals:1 | Bought a potion of heal wounds for 95 gold pieces
 26758 | Shoals:1 | Bought a potion of heal wounds for 95 gold pieces
 27131 | Shoals:2 | Reached skill level 16 in Dodging
 27179 | Shoals:2 | Identified a scarf of resistance
 27317 | Shoals:2 | HP: 10/118 [wind drake/the air (17)]
 27669 | Shoals:2 | Reached skill level 15 in Fighting
 27669 | Shoals:2 | Reached skill level 14 in Invocations
 27719 | Shoals:2 | Identified the +0 animal skin of Darkness {-Cast rC++ SInv}
 27822 | Shoals:2 | Found a runed translucent gate.
 27822 | Shoals:2 | Found a runed translucent gate.
 27822 | Shoals:2 | Found a runed translucent gate.
 28077 | Shoals:2 | Noticed Taczaky's ghost (journeyman MiFi)
 28487 | Shoals:3 | Found a frozen archway.
 28497 | IceCv    | Entered an ice cave
 28670 | IceCv    | Reached skill level 22 in Ranged Weapons
 28683 | IceCv    | Got the Tome of Frostbite
 28902 | IceCv    | Found a viscous altar of Jiyva.
 28949 | IceCv    | Got the Spellbook of Cold
 28954 | IceCv    | Got the ring of Gyjorghet {Ice Str+3}
 29066 | IceCv    | Identified the +3 halberd of Traps {protect, +Blink rF-
                  | Str+2 Int+5}
 29369 | Shoals:3 | Identified the +4 ring mail of Refuge {*Slow Fly rN+}
 29793 | Snake:4  | Entered Level 4 of the Snake Pit
 30068 | Snake:4  | Found Tuylomp's Assorted Antiques.
 30073 | Snake:4  | Bought a wand of flame (7) for 151 gold pieces
 30073 | Snake:4  | Bought a scroll of fear for 124 gold pieces
 30134 | Snake:4  | Reached XP level 19. HP: 122/124 MP: 30/30
 30252 | Snake:4  | Reached skill level 23 in Ranged Weapons
 30868 | Snake:4  | Noticed Vashnia
 30884 | Snake:4  | Got a serpentine rune of Zot
 31015 | Snake:4  | Killed Vashnia
 31257 | Snake:4  | Reached skill level 24 in Ranged Weapons
 31706 | Shoals:4 | Entered Level 4 of the Shoals
 32001 | Shoals:4 | Got a barnacled rune of Zot
 32022 | Shoals:4 | Identified the staff of poison "Iriuthrin" {Fragile rPois
                  | Str+2 Dex+6}
 32045 | Shoals:4 | Got Gypnaito's Catalogue of Combustion
 32176 | Shoals:4 | Identified the ring "Sadwiru" {*Corrode +Blink Slay+2 SInv}
 32842 | Vaults:1 | Entered Level 1 of the Vaults
 33425 | Vaults:1 | Noticed Zenata
 33437 | Vaults:1 | Killed Zenata
 33438 | Vaults:1 | Reached skill level 25 in Ranged Weapons
 33628 | Vaults:1 | Found Nemirr's Distillery.
 33646 | Vaults:1 | Bought a potion of haste for 180 gold pieces
 33646 | Vaults:1 | Bought a potion of heal wounds for 90 gold pieces
 33663 | Vaults:1 | You are sucked into a shaft and drop 1 floor!
 33677 | Vaults:2 | Reached skill level 9 in Evocations
 33810 | Vaults:1 | Reached XP level 20. HP: 129/129 MP: 31/31
 34220 | Vaults:1 | Found a portal to a secret trove of treasure.
 34688 | Vaults:2 | Reached skill level 10 in Evocations
 34745 | Vaults:2 | Reached skill level 26 in Ranged Weapons
 34754 | Vaults:2 | Noticed Nikola
 34762 | Vaults:2 | Killed Nikola
 35288 | Vaults:2 | Noticed a curse skull
 35508 | Vaults:2 | Reached skill level 17 in Dodging
 35565 | Vaults:2 | Identified the +0 war axe "Tinaig" {flame, rN++ Str-4
                  | Dex+3}
 35693 | Vaults:2 | Killed a curse skull
 35912 | Vaults:2 | Found Kikhli's Antique Armour Shoppe.
 36068 | Vaults:2 | Found a staircase to the Crypt.
 36345 | Vaults:3 | Found Anaacsym's Antique Armour Boutique.
 36348 | Vaults:3 | Bought a steaming scarf for 300 gold pieces
 36348 | Vaults:3 | Identified the scarf of Faont {repulsion, Will+} (You
                  | bought it in a shop on level 3 of the Vaults)
 36587 | Vaults:3 | Reached XP level 21. HP: 91/134 MP: 33/33
 36759 | Vaults:3 | Reached skill level 18 in Dodging
 37225 | Vaults:3 | Identified the +10 hand axe "Cebydgh" {heavy, Str+5}
 37241 | Vaults:2 | HP: 8/135 [tengu reaver/+3 battleaxe (26)]
 37243 | Vaults:1 | HP: 3/135 [tengu reaver/+3 battleaxe (27)]
 37405 | Vaults:1 | Reached skill level 15 in Invocations
 37825 | Shoals:2 | Killed Taczaky's ghost
 38658 | Vaults:3 | Reached skill level 19 in Dodging
 38674 | Vaults:3 | Identified the +3 scale mail of the Desolation of Salt
                  | {Will+ Str+3 Int-5 SInv}
 38963 | Vaults:4 | Found Vocw's Jewellery Shoppe.
 38965 | Vaults:4 | Found Reyre's Distillery.
 38973 | Vaults:4 | Bought a potion of might for 64 gold pieces
 38973 | Vaults:4 | Bought a potion of invisibility for 128 gold pieces
 38973 | Vaults:4 | Bought a potion of resistance for 160 gold pieces
 38973 | Vaults:4 | Bought a potion of invisibility for 128 gold pieces
 38973 | Vaults:4 | Bought a potion of might for 64 gold pieces
 38973 | Vaults:4 | Bought a potion of heal wounds for 80 gold pieces
 39294 | Vaults:4 | Reached skill level 16 in Fighting
 39369 | Vaults:4 | Found Bicuh's Antique Armour Shoppe.
 39383 | Vaults:4 | Bought a pair of masterwork gloves for 427 gold pieces
 39383 | Vaults:4 | Identified the +1 pair of gloves of Romm {rPois Str+6} (You
                  | bought it in a shop on level 4 of the Vaults)
 39553 | Vaults:4 | Upgraded the game from 0.31-a0-167-g1c394c0614 to
                  | 0.31-a0-174-g85c54bcb58
 39729 | Depths:1 | Entered Level 1 of the Depths
 39903 | Depths:1 | Reached skill level 20 in Dodging
 39909 | Depths:1 | Reached XP level 22. HP: 128/143 MP: 31/34
 39945 | Depths:1 | Reached ****** piety under Fedhas
 39984 | Depths:1 | Noticed Saint Roka
 40052 | Depths:1 | Killed Saint Roka
 40235 | Depths:1 | Found a gateway to Hell.
 40707 | Depths:2 | Reached skill level 16 in Invocations
 40811 | Depths:2 | Noticed a golden dragon
 40816 | Depths:2 | Killed a golden dragon
 40993 | Depths:2 | Found a one-way gate leading to the halls of Pandemonium.
 41096 | Depths:2 | Found a one-way gateway to a ziggurat.
 41174 | Depths:2 | Reached skill level 21 in Dodging
 41467 | Depths:2 | Reached skill level 17 in Fighting
 42063 | Depths:3 | Found a one-way gate to the infinite horrors of the Abyss.
 42323 | Depths:3 | HP: 6/145 [tengu reaver/+3 war axe of electrocution (26)]
 42518 | Depths:3 | Reached XP level 23. HP: 133/150 MP: 36/36
 42554 | Depths:3 | Noticed a juggernaut
 42555 | Depths:3 | Found a runed translucent door.
 42557 | Depths:3 | Noticed a caustic shrike
 42557 | Depths:3 | Noticed a golden dragon
 42557 | Depths:3 | Noticed a juggernaut
 42557 | Depths:3 | Found the +13 scythe of Curses {drain, curses, Drain}
 42732 | Depths:3 | Found a shimmering blue altar of Sif Muna.
 42869 | Depths:3 | Reached skill level 22 in Dodging
 43027 | Depths:3 | Found a one-way gate to the infinite horrors of the Abyss.
 43300 | Depths:3 | Found a shimmering blue altar of Sif Muna.
 43538 | Depths:4 | Entered Level 4 of the Depths
 43544 | Depths:4 | Noticed the Enchantress
 43808 | Depths:4 | Noticed Vv
 43822 | Depths:3 | HP: 6/118 [spriggan defender/+2 quick blade of draining[the
                  | Enchantress] (17)]
 43822 | Depths:3 | Slain by a cyan ugly thing

Vanquished Creatures
  Saint Roka (Depths:1)
  Vashnia (Snake:4)
  A golden dragon (Depths:2)
  Nikola (Vaults:2)
  Zenata (Vaults:1)
  Rupert (D:15)
  A titan (Shoals:1)
  4 sphinxes
  Kirke (Lair:3)
  Agnes (D:14)
  Roxanne (Shoals:1)
  Donald (Orc:2)
  A rockslime (IceCv)
  2 nagarajas (Snake:4)
  4 tengu reavers
  An azure jelly (IceCv)
  A fire giant (Depths:3)
  9 frost giants
  2 iron dragons
  14 vault wardens
  3 balrugs
  3 orc warlords
  17 ironbound preservers
  2 reapers (Depths:2)
  A formless jellyfish (Vaults:3)
  3 spriggan defenders
  7 quicksilver oozes (IceCv)
  13 very ugly things
  9 ironbound thunderhulks
  16 stone giants
  3 vampire knights
  7 dire elephants
  Nessos (D:15)
  A spark wasp (Depths:3)
  5 ettins
  7 fire dragons
  2 merfolk javelineers
  3 great orbs of eyes
  4 merfolk impalers
  11 yaktaur captains
  3 entropy weavers
  The ghost of Taczaky the Blocker, a journeyman MiFi of Ashenzari (Shoals:2)
  8 ice dragons
  5 hydras
  Fannar (Lair:3)
  12 vault guards
  A hell beast (Depths:2)
  An alligator snapping turtle (Shoals:1)
  A spriggan air mage (Depths:3)
  6 ironbound frosthearts
  9 anacondas
  4 rakshasas
  Erica (Orc:1)
  3 merfolk avatars
  2 merfolk aquamancers
  An ogre mage (Vaults:1)
  3 catoblepae
  15 centaur warriors
  2 death knights
  2 salamander tyrants
  2 dancing weapons (D:14)
  6 boulder beetles
  2 thrashing horrors (Abyss:2)
  2 two-headed ogres
  9 death yaks
  A hell hog (Depths:2)
  9 deep troll shamans
  5 satyrs
  4 spriggan berserkers
  2 tengu warriors
  3 vampire magi
  14 naga warriors
  9 shock serpents
  4 soul eaters (Depths:2)
  11 naga sharpshooters
  7 deep troll earth magi
  4 hell knights (Depths:3)
  3 orc high priests
  2 skysharks
  A wretched star (Abyss:2)
  7 sun demons
  5 salamander mystics
  10 skeletal warriors
  A storm dragon skeleton (Vaults:3)
  13 sea snakes
  9 iron trolls
  Amaemon (D:11)
  2 glowing orange brains
  A deep troll (shapeshifter) (D:13)
  2 flayed ghosts
  A large abomination (Abyss:2)
  47 deep trolls
  9 orc knights
  6 naga ritualists
  3 orange crystal statues (IceCv)
  14 wizards
  A deep elf archer (D:13)
  3 phantasmal warriors
  14 ironbound convokers
  3 mana vipers
  5 deep elf pyromancers
  2 lindwurms (Vaults:2)
  2 necromancers
  12 harpies
  20 manticores
  10 orc sorcerers
  29 ugly things
  18 salamanders
  A stone giant zombie (Vaults:3)
  18 fauns
  Maurice (Orc:2)
  6 cyclopes
  21 elephants
  3 guardian serpents
  9 merfolk sirens
  15 vault sentinels
  A gargoyle (D:12)
  4 smoke demons
  35 black mambas
  21 naga magi
  Joseph (D:8)
  5 water nymphs
  A torpor snail (D:11)
  A rime drake (Lair:2)
  13 cane toads
  Psyche (D:9)
  A hellion (Depths:2)
  33 yaktaurs
  An ice devil (Abyss:2)
  A tengu conjurer (Depths:2)
  11 komodo dragons
  A freezing wraith (D:13)
  A hellwing (Depths:2)
  16 merfolk
  4 meliai (D:14)
  6 wind drakes
  7 polar bears
  6 trolls
  A polar bear (shapeshifter) (D:14)
  Prince Ribbit (D:5)
  6 snapping turtles
  9 blink frogs
  A raiju (shapeshifter) (D:14)
  16 dream sheep
  2 raiju (Abyss:2)
  A centaur simulacrum (D:14)
  A shadow (D:11)
  6 water elementals
  50 slime creatures
  A jumping spider (Vaults:1)
  5 wraiths
  A spriggan (shapeshifter) (D:14)
  6 wyverns
  85 yaks
  3 basilisks
  Eustachio (D:5)
  3 hogs
  5 vampire mosquitoes (D:12)
  4 steam dragons
  A chaos spawn (Depths:2)
  5 redbacks
  2 neqoxecs (Depths:2)
  5 wargs
  Menkaure (D:7)
  10 water moccasins
  4 acid dragons
  45 nagas
  2 floating eyes (D:14)
  42 orc warriors
  2 black bears
  4 sky beasts
  4 great orb of eyes simulacra (IceCv)
  3 ogres
  15 centaurs
  A phantom (D:6)
  5 boggarts
  5 slime creature simulacra (IceCv)
  5 wolves
  2 kobold brigands
  14 bullfrogs
  2 gnoll sergeants (D:7)
  2 glowing shapeshifter simulacra (IceCv)
  A scorpion (D:6)
  7 wights
  Dowan (D:7)
  4 killer bees
  6 electric eels
  5 howler monkeys
  8 jellies
  2 hounds (D:5)
  13 orc priests
  A gnoll bouda (D:6)
  3 iguanas
  22 orc wizards
  18 gnolls
  An adder (D:4)
  A shadow imp (D:6)
  3 worms
  2 dart slugs (D:1)
  81 orcs
  5 bats
  6 endoplasms
  6 giant cockroaches
  6 goblins
  7 hobgoblins
  11 jackals
  14 kobolds
  3 quokkas
  10 ball pythons
  A ball python (shapeshifter) (Vaults:3)
  A frilled lizard (D:1)
  5 rats
  A butterfly (Lair:4)
  A lurking horror (Abyss:2)
1488 creatures vanquished.

Vanquished Creatures (collateral kills)
  Asterion (Snake:3)
  An azure jelly (IceCv)
  2 vault wardens (Vaults:2)
  A curse skull (Vaults:2)
  2 very ugly things (Depths:2)
  A lorocyproca (Depths:2)
  2 ettins
  A salamander tyrant (Snake:4)
  A vault guard (Vaults:2)
  A spriggan air mage (Depths:2)
  A satyr (Shoals:3)
  3 anacondas
  A catoblepas (Lair:5)
  An ironbound frostheart (Vaults:2)
  A two-headed ogre (D:9)
  3 death yaks
  A naga sharpshooter (Snake:4)
  2 skysharks
  2 salamander mystics (Snake:4)
  A skeletal warrior (D:14)
  A deep troll (Vaults:2)
  2 orc knights
  2 ugly things
  3 salamanders
  2 mana vipers
  A manticore (Shoals:1)
  2 elephants
  A vault sentinel (Vaults:3)
  8 black mambas
  A water nymph (Shoals:1)
  An orange demon (D:11)
  A cane toad (Lair:3)
  A yaktaur (Vaults:4)
  A hornet (Lair:2)
  2 dream sheep (Lair:2)
  2 slime creatures (D:13)
  A yak (shapeshifter) (D:14)
  2 vampires
  2 wyverns
  5 yaks
  A basilisk (D:14)
  A naga (Snake:4)
  Duvessa (D:7)
  An acid dragon (D:9)
  3 water moccasins
  A floating eye (D:14)
  4 orc warriors
  An ice beast (D:6)
  A black bear (D:4)
  2 ogres
  A wolf (Lair:1)
  A boggart (D:15)
  3 centaurs
  3 bullfrogs
  A gnoll sergeant (D:7)
  A scorpion (D:5)
  17 killer bees
  An orc priest (Orc:1)
  A jelly (Lair:4)
  An iguana (D:7)
  2 orc wizards
  2 gnolls (D:7)
  2 adders
  10 orcs
  20 ballistomycete spores
152 creatures vanquished.

Vanquished Creatures (others)
  A nagaraja (Snake:4)
  An ugly thing (D:14)
  A centaur (D:14)
  2 sleepcaps (D:5)
  An orc wizard (D:4)
  An ufetubus (Abyss:2)
7 creatures vanquished.

Grand Total: 1647 creatures vanquished

Table legend: (Time is in decaauts)
 A = Elapsed time spent in this place.
 B = Non-inter-level travel time spent in this place.
 C = Inter-level travel time spent in this place.
 D = Time resting spent in this place.
 E = Time spent auto-exploring this place.
 F = Levels seen in this place.
 G = Mean time per level.
                   A        B        C        D        E       F      G
               +--------+--------+--------+--------+--------+-----+--------+
         Total |  41757 |  37124 |   4633 |   2513 |  22709 |  41 | 1018.5 |
       Dungeon |  14397 |  12921 |   1476 |   1048 |   8428 |  15 |  959.8 |
        Temple |     33 |     33 |      0 |     29 |      0 |   1 |   33.0 |
          Lair |   5957 |   5146 |    811 |    244 |   3309 |   5 | 1191.4 |
        Shoals |   3998 |   3532 |    466 |    196 |   2150 |   4 |  999.5 |
     Snake Pit |   5034 |   4525 |    509 |    147 |   2853 |   4 | 1258.5 |
  Orcish Mines |   1742 |   1540 |    202 |     90 |    888 |   2 |  871.0 |
        Vaults |   5867 |   4865 |   1002 |    369 |   2377 |   4 | 1466.8 |
        Depths |   3822 |   3658 |    164 |    295 |   2327 |   4 |  955.5 |
         Abyss |    303 |    303 |      0 |     52 |    142 |   1 |  303.0 |
      Ice Cave |    601 |    601 |      0 |     42 |    232 |   1 |  601.0 |
               +--------+--------+--------+--------+--------+-----+--------+

Top non-repeatable levels by time:
Vaults:1: 1945 daAuts
Vaults:2: 1679 daAuts
 Snake:4: 1580 daAuts
Depths:3: 1577 daAuts
  Lair:1: 1499 daAuts
 Snake:1: 1495 daAuts
Vaults:3: 1448 daAuts
    D:13: 1429 daAuts
Depths:2: 1387 daAuts
    D:11: 1282 daAuts
     D:1: 1259 daAuts
  Lair:3: 1259 daAuts
Shoals:2: 1236 daAuts
    D:10: 1210 daAuts
Shoals:1: 1181 daAuts

Table legend:
 A = Non-vault XP
 B = Vault XP
 C = Vault XP percentage of total XP
 D = Non-vault monster count
 E = Vault monster count
 F = Vault count percentage of total count
                 A         B        C        D         E       F
            +---------+---------+-------+---------+---------+-------
      Total |  463616 |  266239 |  36.5 |    1150 |     470 |  29.0
            +---------+---------+-------+---------+---------+-------
        D:1 |      50 |       4 |   7.4 |      27 |       1 |   3.6
        D:2 |      34 |       0 |   0.0 |      17 |       0 |   0.0
        D:3 |      37 |       3 |   7.5 |      18 |       2 |  10.0
        D:4 |     338 |      15 |   4.2 |      20 |       2 |   9.1
        D:5 |     415 |     473 |  53.3 |      12 |       2 |  14.3
        D:6 |    1111 |      36 |   3.1 |      27 |       1 |   3.6
        D:7 |     969 |     387 |  28.5 |      28 |       3 |   9.7
        D:8 |    2789 |     589 |  17.4 |      28 |       5 |  15.2
        D:9 |    3492 |     757 |  17.8 |      17 |       7 |  29.2
       D:10 |    4841 |    2235 |  31.6 |      18 |      12 |  40.0
       D:11 |    2941 |    3341 |  53.2 |      17 |      15 |  46.9
       D:12 |    6919 |    1053 |  13.2 |      22 |      22 |  50.0
       D:13 |    8805 |    5214 |  37.2 |      24 |       8 |  25.0
       D:14 |    9900 |   12506 |  55.8 |      21 |      24 |  53.3
       D:15 |    5398 |    6433 |  54.4 |      17 |       6 |  26.1
     Lair:1 |    6876 |       0 |   0.0 |      30 |       0 |   0.0
     Lair:2 |   11242 |    1503 |  11.8 |      41 |       6 |  12.8
     Lair:3 |    7641 |    2738 |  26.4 |      24 |       4 |  14.3
     Lair:4 |    9592 |    4371 |  31.3 |      27 |      13 |  32.5
     Lair:5 |   18596 |   12705 |  40.6 |      53 |      29 |  35.4
   Shoals:1 |   11662 |    5968 |  33.9 |      22 |       5 |  18.5
   Shoals:2 |   16157 |    5399 |  25.0 |      31 |       8 |  20.5
   Shoals:3 |   10909 |     729 |   6.3 |      21 |       1 |   4.5
   Shoals:4 |    9483 |   13543 |  58.8 |      23 |      23 |  50.0
    Snake:1 |   20979 |       0 |   0.0 |      43 |       0 |   0.0
    Snake:2 |   22823 |       0 |   0.0 |      48 |       0 |   0.0
    Snake:3 |   18477 |    1779 |   8.8 |      33 |       1 |   2.9
    Snake:4 |   15905 |   26933 |  62.9 |      36 |      42 |  53.8
      Orc:1 |    5794 |    1020 |  15.0 |      47 |       2 |   4.1
      Orc:2 |    4541 |   12132 |  72.8 |      52 |      28 |  35.0
   Vaults:1 |   18283 |   16392 |  47.3 |      27 |      22 |  44.9
   Vaults:2 |   30056 |   37195 |  55.3 |      49 |      46 |  48.4
   Vaults:3 |   31406 |   28302 |  47.4 |      45 |      36 |  44.4
   Vaults:4 |   26649 |    9953 |  27.2 |      40 |      11 |  21.6
   Depths:1 |   28755 |    9101 |  24.0 |      36 |      20 |  35.7
   Depths:2 |   42199 |   20065 |  32.2 |      53 |      26 |  32.9
   Depths:3 |   40052 |    5529 |  12.1 |      45 |       6 |  11.8
   Depths:4 |    3301 |    1091 |  24.8 |       3 |       1 |  25.0
    Abyss:2 |    3984 |       0 |   0.0 |       7 |       0 |   0.0
      IceCv |     215 |   16745 |  98.7 |       1 |      30 |  96.8
            +---------+---------+-------+---------+---------+-------
